Map: Last Fantasy LE

Players

Zoun

  • Race: Protoss Protoss
  • Spawn Location: 3:00

Reynor - Winner!

  • Race: Zerg Zerg
  • Spawn Location: 7:00

Event: Esports World Cup 2025

VOD

Have the link to the VOD?

Description

Time

  • Played on: July 24, 2025, 6:13 a.m.
  • Length: 8:27

All games in this series

Show
View Real Time Build Order
Export as new Build Order

Zoun Protoss 

Build Orders: 1 Gate Expand, Oracle Opening, Phoenix Opening 

Get SALT Encoding   

  12  0:00  Probe  
  13  0:12  Probe  
  14  0:19  Pylon  
  14  0:24  Probe  
  15  0:33  Probe  
  15  0:40  Gateway  
  15  0:41  Probe  
  17  0:50  Assimilator  
  17  0:51  Probe  
  18  1:03  Probe  
  19  1:15  Probe  
  20  1:27  Nexus  
  20  1:38  Cybernetics Core  
  20  1:42  Probe  
  21  1:48  Assimilator  
  21  1:54  Probe  
  21  1:57  Pylon  
  22  2:05  Adept  
  22  2:06  Probe  
  25  2:18  Probe  
  25  2:20  Stargate  
  26  2:26  Warp Gate  
  26  2:30  Probe  
  26  2:36  Probe, Adept  
  29  2:38  Probe  
  31  2:44  Probe  
  31  2:46  Probe  
  33  2:55  Probe  
  34  2:58  Phoenix, Probe  
  37  3:07  Probe  
  37  3:11  Probe, Adept  
  41  3:17  Pylon  
  41  3:24  Gateway  
  41  3:25  Probe  
  41  3:26  Probe  
  43  3:27  Oracle  
  43  3:37  Probe  
  43  3:38  Pylon  
  47  3:45  Probe  
  48  3:51  Probe  
  49  3:58  Probe  
  49  4:02  Twilight Council  
  50  4:03  Probe  
  50  4:06  Nexus  
  50  4:09  Pylon  
  51  4:11  Probe  
  51  4:15  Assimilator  
  52  4:17  Assimilator  
  52  4:18  Probe  
  53  4:25  Gateway x2  
  53  4:28  Charge  
  53  4:29  Shield Battery  
  53  4:30  Probe  
  54  4:34  Oracle  
  54  4:41  Robotics Facility  
  57  4:56  Gateway  
  57  4:57  Gateway  
  57  5:03  Probe x2  
  59  5:09  Adept x2  
  63  5:23  Gateway  
  63  5:26  Gateway  
  63  5:28  Probe  
  63  5:29  Gateway, Warp Prism  
  63  5:34  Zealot x4  
  72  5:37  Pylon  
  74  5:48  Probe x2  
  76  5:50  Shield Battery  
  76  5:52  Pylon  
  76  5:57  Probe  
  76  5:58  Probe  
  76  6:00  Probe  
  79  6:05  Observer, Probe  
  79  6:10  Probe  
  82  6:12  Probe, Assimilator, Templar Archives  
  82  6:15  Zealot  
  82  6:16  Zealot  
  87  6:19  Assimilator x2  
  87  6:20  Probe  
  87  6:25  Probe  
  89  6:26  Probe  
  89  6:28  Psionic Storm, Pylon  
  90  6:33  Probe  
  90  6:37  Probe  
  93  6:40  Probe  
  93  6:48  Probe  
  93  6:49  Probe  
  93  6:53  High Templar  
  97  6:59  Pylon, Forge  
  97  7:01  Pylon  
  97  7:02  Zealot x5  
  97  7:06  Probe x2  
  109  7:10  Pylon  
  109  7:11  Pylon  
  109  7:17  Pylon  
  109  7:18  Pylon  
  110  7:26  High Templar x3  
  110  7:28  Nexus  
  110  7:29  Pylon, Stalker x2  
  119  7:33  Shield Battery  
  103  7:44  Stalker x4  
Show
View Real Time Build Order
Export as new Build Order

Reynor Zerg - Winner!

Build Orders: Hatch First 

Get SALT Encoding   

  12  0:00  Drone  
  13  0:07  Drone  
  13  0:14  Drone, Extractor  
  15  0:21  Overlord  
  15  0:40  Drone  
  16  0:45  Hatchery  
  16  0:49  Drone  
  16  0:53  Drone  
  16  0:57  Drone  
  18  1:06  Extractor  
  17  1:11  Spawning Pool  
  17  1:15  Drone  
  17  1:18  Drone  
  18  1:26  Drone  
  19  1:37  Drone  
  20  1:47  Drone  
  21  1:57  Drone  
  21  1:58  Queen x2  
  21  1:59  Zergling x2  
  27  2:07  Overlord  
  27  2:10  Drone  
  27  2:13  Metabolic Boost  
  28  2:26  Zergling x2  
  28  2:27  Drone  
  30  2:31  Zergling x2  
  30  2:32  Drone  
  30  2:36  Queen  
  34  2:45  Hatchery  
  34  2:49  Overlord  
  33  2:52  Drone  
  33  2:54  Drone  
  33  2:56  Drone  
  36  3:08  Zergling x2  
  36  3:09  Drone x3  
  36  3:10  Overlord  
  36  3:11  Drone  
  41  3:15  Drone x2  
  41  3:19  Overlord  
  43  3:22  Drone  
  44  3:28  Queen  
  44  3:30  Drone  
  44  3:33  Drone  
  48  3:37  Drone  
  48  3:39  Overlord  
  48  3:40  Drone x2  
  51  3:45  Queen  
  53  3:51  Drone x2, Spore Crawler  
  53  3:54  Zergling x4  
  55  3:58  Overlord  
  55  4:00  Drone  
  55  4:01  Drone  
  57  4:04  Drone  
  57  4:07  Overlord  
  58  4:12  Drone x2  
  58  4:13  Drone x2  
  62  4:17  Roach Warren  
  62  4:20  Spore Crawler  
  62  4:21  Drone  
  61  4:26  Zergling x4  
  61  4:30  Zergling x2  
  64  4:33  Drone, Lair  
  64  4:34  Drone  
  64  4:37  Extractor  
  65  4:38  Extractor  
  65  4:40  Overlord  
  65  4:41  Drone x3  
  65  4:42  Evolution Chamber  
  66  4:48  Drone x4  
  66  4:50  Drone  
  71  4:53  Overlord  
  71  4:58  Drone x3  
  71  4:59  Roach x2  
  78  5:04  Roach  
  80  5:07  Extractor  
  80  5:08  Roach  
  80  5:09  Roach x3  
  80  5:11  Overlord  
  89  5:14  Roach  
  89  5:19  Overlord  
  89  5:23  Roach x3  
  89  5:24  Drone  
  89  5:26  Queen  
  98  5:31  Overlord  
  98  5:34  Drone x4  
  101  5:37  Drone, Zerg Missile Weapons Level 1  
  101  5:38  Drone  
  101  5:41  Roach x2  
  107  5:45  Overlord  
  107  5:47  Drone  
  107  5:48  Drone x2  
  107  5:49  Drone x2  
  112  5:52  Glial Reconstitution  
  112  6:00  Extractor x2  
  112  6:03  Overseer  
  110  6:06  Drone x2  
  110  6:09  Overlord  
  110  6:10  Hatchery  
  111  6:15  Roach x6  
  111  6:16  Overlord  
  125  6:18  Roach  
  125  6:21  Roach x2  
  125  6:22  Overlord  
  125  6:25  Overlord  
  129  6:28  Roach x2  
  133  6:34  Overlord  
  139  6:40  Roach x4  
  145  6:47  Roach x7  
  145  6:50  Overlord  
  145  6:51  Pneumatized Carapace  
  145  6:53  Queen  
  155  6:55  Roach  
  155  6:59  Roach x2  
  161  7:05  Roach x3  
  165  7:09  Roach x2  
  169  7:16  Roach x3  
  169  7:22  Zergling x4  
  177  7:24  Overlord  
  177  7:29  Overlord  
  177  7:32  Ravager  
  177  7:33  Overlord  
  177  7:36  Overlord  
  177  7:42  Hatchery, Roach x2  
  177  7:43  Roach x3  
  182  7:45  Roach x2  
  182  7:46  Roach  
  182  7:48  Roach  
  178  7:52  Roach  
  178  7:55  Roach  
Tags
 
Add a new tag
Caveats
  • Supply blocks, unpowered buildings, or Contaminate may cause inaccurate times.
  • Supply counts are checked every 10 seconds.